[Event "*** Titled Tuesday Blitz"]
[Site "Chess.com"]
[Date "2021.02.09"]
[Round "8"]
[White "Ajedrez_con_German"]
[Black "ErikRonka"]
[Result "1-0"]
[WhiteElo "2590"]
[BlackElo "2450"]
[TimeControl "180+1"]
[EndTime "11:28:44 PST"]
[Termination "Ajedrez_con_German won on time"]

1. c4 c6 2. g3 d5 3. Bg2 Nf6 4.
Nf3 Bg4 5. cxd5 Bxf3 6. Bxf3 cxd5 7. O-O Nc6 8. d4 e6 9. e3 Bd6 10. Nc3 O-O 11. Bd2 Rc8 12. Rc1 Qe7 13. Nb5 Bb8 14.
Qb3 Rfd8 15. Rc2 a6 16. Na3 e5 17. dxe5 Nxe5 18. Bg2 Ne4 19. Bc3 Nc6 20. Rcc1 h5 21. Nc2 h4 22. Nd4 Ne5 23. Nf5 Qg5 24. Nxh4 Nc4 25.
Nf3 Qh6 26. Bd4 Ned2 27. Nxd2 Nxd2 28. Rxc8 Nxb3 29. Rxd8+ Kh7 30. axb3 Bc7 31. Rd7 Bb6 32. Bxb6 Qxb6 33. Rxf7 Qxb3 34. Rd7 Qxb2 35. Rd1 a5 36. Bxd5 a4 37. Rxb7 1-0

[Event "*** Titled Tuesday Blitz"]
[Site "Chess.com"]
[Date "2021.02.09"]
[Round "8"]
[White "bsnsun"]
[Black "tylityli"]
[Result "1-0"]
[WhiteElo "2439"]
[BlackElo "2277"]
[TimeControl "180+1"]
[EndTime "11:28:45 PST"]
[Termination "bsnsun won on time"]

1. d4 Nf6 2. c4 e6 3. Nf3 Bb4+ 4. Bd2 Qe7 5. g3 Nc6 6. Bg2 O-O 7. O-O Bxd2 8.
Qxd2 d6 9. Nc3 a5 10. e4 e5 11. d5 Nb8 12. a3 a4 13. Qc2 Bd7 14. Rac1 Na6 15. Nxa4 Bxa4 16. Qxa4 Nxe4 17. Qc2 Nf6 18. b4 b6 19. Rfe1 Qd8 20. Ng5 h6 21. Ne4 Nxe4 22. Bxe4 Qg5 23. h4 Qg4 24. Bf5 Qh5 25. Qe4 g5 26.
Bg4 Qg6 27. Qxg6+ fxg6 28. hxg5 hxg5 29. Rc3 Kg7 30. Kg2 Rf6 31. Re2 Raf8 32. Be6 Ra8 33. Rb3 Rh8 34. Rc2 Rb8 35. a4 c5 36. b5 Nb4 37. Rc1 Ra8 38. Ra3 Ra5 39. Bg4 Rf8 40. Rh1 Rfa8 41. Bd1 Rh8 42. Rxh8 Kxh8 43. Kf3 Kg7 44.
Kg4 Kf6 45. Rf3+ Kg7 46. Kxg5 Na2 47. Rf6 Nc3 48. Rxg6+ Kf7 49. Bh5 Ke7 50. Rg7+ Kd8 51. Kf6 1-0

[Event "*** Titled Tuesday Blitz"]
[Site "Chess.com"]
[Date "2021.02.09"]
[Round "8"]
[White "awesomevishesh"]
[Black "K_A_S_T_O_R"]
[Result "0-1"]
[WhiteElo "2494"]
[BlackElo "2788"]
[TimeControl "180+1"]
[EndTime "11:28:49 PST"]
[Termination "K_A_S_T_O_R won on time"]

1. d4 Nf6 2. c3 e6 3. Nf3 h6 4. h3 b6 5. Bf4 Bb7 6. e3 d6 7. Bd3 Nbd7 8. Bh2 Qe7 9. Nbd2 g6 10. a4 a5 11. O-O Bg7 12. Re1 O-O 13. Bb5 Rfd8 14.
Qc2 e5 15. dxe5 Nxe5 16. Bxe5 dxe5 17. e4 Nd7 18. Rad1 Nc5 19. b3 Rd6 20. b4 axb4 21. cxb4 Ne6 22. Nc4 Rxd1 23. Rxd1 Nd4 24. Nxd4 exd4 25.
Nd2 Rc8 26. Rb1 c5 27. bxc5 Rxc5 28. Qd3 Rc3 29. Qe2 Qc5 30. Nf3 Rc1+ 31. Rxc1 Qxc1+ 32. Kh2 Qf4+ 33. g3 Qxe4 34. Qxe4 Bxe4 35. Nd2 Bd5 36. Nc4 d3 37. Nxb6 d2 38. Be2 Bb3 39. a5 Bd4 40. Nd7 d1=Q 41. Bxd1 Bxd1 42. a6 Be2 43. a7 Bxa7 44.
Kg2 Bd4 45. Nb8 Bb5 46. g4 Ba7 0-1

[Event "*** Titled Tuesday Blitz"]
[Site "Chess.com"]
[Date "2021.02.09"]
[Round "8"]
[White "dosto07"]
[Black "soumeow"]
[Result "1-0"]
[WhiteElo "2392"]
[BlackElo "2217"]
[TimeControl "180+1"]
[EndTime "11:28:51 PST"]
[Termination "dosto07 won by resignation"]

1. e4 c5 2. Nf3 Nc6 3. Bb5 g6 4. Bxc6 dxc6 5. d3 Bg7 6. h3 Nf6 7. Nc3 Nd7 8. Be3 e5 9. Qd2 h6 10. O-O b6 11. a3 Qe7 12. Nh2 Nf8 13. b4 Ne6 14. bxc5 Nxc5 15. d4 exd4 16. Bxd4 O-O 17.
Bxg7 Kxg7 18. Rad1 Ba6 19. Rfe1 Rad8 20. Qe3 h5 21. Nf3 Rfe8 22. Nd4 Bb7 23. Qg3 Kh7 24. f3 h4 25. Qf2 Kg7 26. Rd2 Rh8 27. Red1 Rde8 28.
Nce2 Qf6 29. Qe3 Bc8 30. Qf4 Qxf4 31. Nxf4 Re5 32. Nxc6 Ree8 33. Nxa7 Bb7 34. Nb5 Ra8 35.
Nd3 Na4 36. Ne5 Rhe8 37. f4 Re6 38. Rd7 Ba6 39. Nc7 1-0

[Event "*** Titled Tuesday Blitz"]
[Site "Chess.com"]
[Date "2021.02.09"]
[Round "8"]
[White "GM_LOADING"]
[Black "GelmanAlexander"]
[Result "0-1"]
[WhiteElo "2467"]
[BlackElo "2607"]
[TimeControl "180+1"]
[EndTime "11:28:52 PST"]
[Termination "GelmanAlexander won by checkmate"]

1. d4 Nf6 2. Nf3 c5 3. d5 e6 4. Nc3 b5 5. Bg5 b4 6. Ne4 Bb7 7. c4 bxc3 8. Nxc3 exd5 9. e3 Be7 10. Bd3 h6 11. Bh4 O-O 12. O-O Na6 13. Rc1 Nc7 14. Bb1 Re8 15. Qc2 Ne4 16. Bxe7 Qxe7 17. Rfd1 d6 18. a3 a5 19. Ba2 Nxc3 20. Qxc3 a4 21. h4 Qe4 22. Bb1 Qg4 23. Qc2 g6 24. Rd2 d4 25. Ne1 dxe3 26. fxe3 Rxe3 27. Rf2 Rae8 28. Kf1 Qxh4 29. Qd2 Qh1# 0-1

[Event "*** Titled Tuesday Blitz"]
[Site "Chess.com"]
[Date "2021.02.09"]
[Round "8"]
[White "DenLaz"]
[Black "Kurkusha"]
[Result "1-0"]
[WhiteElo "2768"]
[BlackElo "2354"]
[TimeControl "180+1"]
[EndTime "11:28:52 PST"]
[Termination "DenLaz won by resignation"]

1. d4 d5 2. c4 e6 3. Nc3 Nf6 4. cxd5 exd5 5. Bg5 Be7 6. e3 c6 7. Bd3 O-O 8. Qc2 h6 9. Bh4 Re8 10. Nf3 Ne4 11. Bxe7 Qxe7 12. O-O Nd7 13. Rab1 Ndf6 14. b4 Bd7 15. Ne5 Rac8 16. Ne2 Nd6 17. a4 b5 18. axb5 cxb5 19. Qa2 Rc7 20. Rfc1 Nc4 21. Bxc4 dxc4 22.
Nc3 Rb8 23. Qa5 Qd6 24. Ra1 Rcb7 25. Rcb1 Bf5 26. Rb2 Ne4 27. Ra3 Nxc3 28. Rxc3 f6 29. Nf3 Qd5 30. Nd2 Bd3 31. Qa1 Ra8 32. Ra2 Qd6 33. Qb2 f5 34. Ra5 f4 35. Nf3 fxe3 36. fxe3 Rf8 37. Rca3 Be4 38. Ra6 Qd5 39. Ne5 c3 40.
Rxc3 Re7 41. Rc5 Qa8 42. h3 Rc8 43. Qb3+ Bd5 44. Rxc8+ Qxc8 45. Qxd5+ 1-0

[Event "*** Titled Tuesday Blitz"]
[Site "Chess.com"]
[Date "2021.02.09"]
[Round "8"]
[White "KubaGepard"]
[Black "CSB7"]
[Result "1-0"]
[WhiteElo "2365"]
[BlackElo "2544"]
[TimeControl "180+1"]
[EndTime "11:28:52 PST"]
[Termination "KubaGepard won on time"]

1. d4 Nf6 2. Nf3 g6 3. g3 Bg7 4.
Bg2 O-O 5. O-O d6 6. c4 c6 7. Nc3 Qb6 8. Re1 Re8 9. e4 Bg4 10. e5 dxe5 11. dxe5 Nfd7 12. Be3 Qxb2 13. Bd4 c5 14. Rb1 Qa3 15. Nb5 Qxa2 16. Nc7 Nc6 17. Nxe8 Nxd4 18. Nxg7 Kxg7 19. Rxb7 Nxe5 20. Rxe5 Bxf3 21.
Bxf3 Nxf3+ 22. Qxf3 Qa1+ 23. Rb1 Qxb1+ 24. Kg2 Re8 25.
Qc6 1-0

[Event "*** Titled Tuesday Blitz"]
[Site "Chess.com"]
[Date "2021.02.09"]
[Round "8"]
[White "Alexander_Moskalenko"]
[Black "Genghis_K"]
[Result "1-0"]
[WhiteElo "2805"]
[BlackElo "2912"]
[TimeControl "180+1"]
[EndTime "11:28:53 PST"]
[Termination "Alexander_Moskalenko won by resignation"]

1. c4 g6 2. e4 Bg7 3. d4 d6 4. Nc3 Nf6 5. Nf3 O-O 6. Be2 e5 7. d5 a5 8. Bg5 h6 9. Be3 Ng4 10. Bd2 f5 11. h3 Nf6 12. exf5 gxf5 13. g4 Na6 14. g5 hxg5 15. Bxg5 Nc5 16. Rg1 Kh8 17. Qc2 Qe8 18. O-O-O Nfe4 19. Nb5 Qf7 20. Be3 Bd7 21. Ng5 Nxg5 22. Rxg5 Bxb5 23. cxb5 Ne4 24.
Rh5+ Kg8 25. Rg1 Qe7 26. Bh6 Rf7 27. f3 Nf6 28. Rxf5 Kh8 29. Bg5 Qf8 30. Bd3 Nxd5 31.
Rxf7 Qxf7 32. Qc4 e4 33. Qxe4 Nf6 34. Qh4+ Nh5 35. Bd2 Re8 36. Bg6 Qxa2 37. Qxh5+ Kg8 38. Qh7+ Kf8 39. Qxg7+ Kxg7 40. Bb1+ 1-0

[Event "*** Titled Tuesday Blitz"]
[Site "Chess.com"]
[Date "2021.02.09"]
[Round "8"]
[White "TigrVShlyape"]
[Black "Sanyura"]
[Result "1-0"]
[WhiteElo "2836"]
[BlackElo "2646"]
[TimeControl "180+1"]
[EndTime "11:28:54 PST"]
[Termination "TigrVShlyape won by resignation"]

1. d4 Nf6 2. Nf3 g6 3. c3 Bg7 4. Bg5 O-O 5. Nbd2 d6 6. e4 Nbd7 7. Bd3 e5 8. O-O h6 9. Bh4 Qe7 10. Re1 b6 11. a4 a5 12. Qc2 g5 13. Bg3 Nh5 14. Nc4 Nf4 15. Bf1 h5 16. Ne3 Nf6 17. Nxg5 Ng4 18. h4 Ng6 19. Nf5 Qf6 20. f3 Nh6 21. Nxg7 Qxg7 22. Kh2 f6 23. Nh3 Bxh3 24.
gxh3 f5 25. Bd3 f4 26. Bf2 Qf6 27. Rg1 Kh7 28. Rg5 Nf7 29. Rxh5+ Kg7 30. Rf5 Qe7 31. Rg1 Kh6 32. Rg4 Nfh8 33. Rfg5 c5 34. h5 Qf6 35. Rxg6+ Nxg6 36. Rxg6+ Qxg6 37. hxg6 Kxg6 38. dxe5 1-0

[Event "*** Titled Tuesday Blitz"]
[Site "Chess.com"]
[Date "2021.02.09"]
[Round "8"]
[White "EugeneRougon"]
[Black "Heineccius"]
[Result "1-0"]
[WhiteElo "2713"]
[BlackElo "2563"]
[TimeControl "180+1"]
[EndTime "11:28:55 PST"]
[Termination "EugeneRougon won by resignation"]

1. e4 c5 2. Nf3 e6 3. d4 cxd4 4.
Nxd4 Nc6 5. Nc3 Qc7 6. Be3 a6 7. Qd2 Nf6 8. f3 Ne5 9. O-O-O Bb4 10. Bf4 d6 11. Kb1 Bxc3 12. bxc3 Ng6 13. Bg3 O-O 14. h4 e5 15. Nb3 Nh5 16. Bf2 Be6 17. Qxd6 Qxc3 18. Qc5 Qxc5 19. Nxc5 Rfd8 20. Rxd8+ Rxd8 21. Kc1 Bxa2 22. Nxb7 Rb8 23. Nc5 Rb1+ 24. Kd2 Bc4 25. Nd3 Nhf4 26. Rg1 Nxd3 27. Bxd3 Rb4 28. Kc3 Bxd3 29.
Kxb4 Bxc2 30. Rc1 1-0

[Event "*** Titled Tuesday Blitz"]
[Site "Chess.com"]
[Date "2021.02.09"]
[Round "8"]
[White "Goryachkina"]
[Black "sergeikim"]
[Result "1-0"]
[WhiteElo "2669"]
[BlackElo "2420"]
[TimeControl "180+1"]
[EndTime "11:28:55 PST"]
[Termination "Goryachkina won by resignation"]

1. e4 e5 2. Nf3 Nc6 3. Nc3 Nf6 4. h3 g6 5. d4 exd4 6. Nxd4 d6 7. Nxc6 bxc6 8. Bd3 Bg7 9. O-O O-O 10.
Bg5 h6 11. Bh4 Rb8 12. Rb1 Qe8 13. Re1 Nd7 14. Qd2 Ne5 15. Bg3 Kh7 16. f4 Nxd3 17.
cxd3 Qd8 18. Kh1 Be6 19. b3 Qf6 20. Nd1 Qd4 21. Ne3 Qb4 22. Qe2 a5 23. f5 Bd7 24.
Qf3 Bc3 25. Rf1 g5 26. Qh5 Bg7 27. f6 Bh8 28. h4 Rb5 29. e5 gxh4 30. Bf4 Rxe5 31.
Qxh6+ Kg8 32. Bxe5 dxe5 33. Nf5 Bxf5 34. Rxf5 1-0

[Event "*** Titled Tuesday Blitz"]
[Site "Chess.com"]
[Date "2021.02.09"]
[Round "8"]
[White "Darius321"]
[Black "onetowin"]
[Result "1-0"]
[WhiteElo "2277"]
[BlackElo "2020"]
[TimeControl "180+1"]
[EndTime "11:28:55 PST"]
[Termination "Darius321 won by checkmate"]

1. e4 b6 2. d4 Bb7 3. Nc3 e6 4. Bd3 Bb4 5. f4 f5 6. Qe2 Qh4+ 7. g3 Qe7 8. Nf3 Nf6 9. e5 Ne4 10. Bd2 Nxd2 11. Kxd2 c5 12. a3 Ba5 13. Rhb1 cxd4 14.
Nxd4 Bxc3+ 15. bxc3 Nc6 16. Nb5 O-O 17. Nd6 Na5 18.
g4 Qh4 19. Rg1 Qh3 20. Rg3 Qh6 21. g5 Qh4 22. Qf2 Be4 23. Re1 Bxd3 24. cxd3 Nb3+ 25. Kc2 Nc5 26. Ree3 Qh5 27. Rh3 Qg6 28. Reg3 Rfc8 29.
Rh6 Na4 30. c4 gxh6 31. gxh6 Qxg3 32. Qxg3+ Kf8 33. Qg7# 1-0

[Event "*** Titled Tuesday Blitz"]
[Site "Chess.com"]
[Date "2021.02.09"]
[Round "8"]
[White "IljaJoke"]
[Black "malakismayil"]
[Result "1-0"]
[WhiteElo "2521"]
[BlackElo "2377"]
[TimeControl "180+1"]
[EndTime "11:28:57 PST"]
[Termination "IljaJoke won on time"]

1. e4 e5 2. Nf3 Nc6 3. Bc4 Bc5 4. c3 Nf6 5. d4 exd4 6. cxd4 Bb4+ 7. Nc3 Bxc3+ 8. bxc3 d5 9. exd5 Ne7 10. Bg5 Nexd5 11. O-O O-O 12. Qc2 h6 13. Bh4 Be6 14. Ne5 Qd6 15. Bg3 Qd8 16. Rad1 Nd7 17. f4 N7b6 18.
Bxd5 Nxd5 19. f5 Ne3 20. Qd2 Nxf1 21. Rxf1 Bd5 22. f6 Re8 23. fxg7 Qg5 24. Bf4 Qxg7 25.
Bxh6 Qh7 26. Qg5+ Kh8 27. Qf6+ Kg8 28. Rf4 Qb1+ 29. Kf2 Qc2+ 30. Kg3 Qxg2+ 31. Kh4 Qxh2+ 32. Kg5 Qg3+ 33. Rg4 1-0

[Event "*** Titled Tuesday Blitz"]
[Site "Chess.com"]
[Date "2021.02.09"]
[Round "8"]
[White "mirochka"]
[Black "SilviusTiberius"]
[Result "0-1"]
[WhiteElo "2271"]
[BlackElo "2512"]
[TimeControl "180+1"]
[EndTime "11:28:57 PST"]
[Termination "SilviusTiberius won on time"]

1. e4 e5 2. Nf3 Nc6 3. d4 exd4 4. c3 Nf6 5. e5 Nd5 6. cxd4 Bb4+ 7. Bd2 Bxd2+ 8.
Qxd2 d6 9. Bc4 dxe5 10. dxe5 Nb6 11. Bb3 Bg4 12. Qf4 Be6 13. Bxe6 fxe6 14. Nc3 Rf8 15. Qg4 Qe7 16. Rd1 Rf5 17. O-O Rd8 18.
Rxd8+ Kxd8 19. Rd1+ Kc8 20. Nd4 Nxd4 21. Qxd4 Qd7 22. f4 Qxd4+ 23. Rxd4 g5 24. g3 gxf4 25.
Rxf4 Rxe5 26. Rf8+ Kd7 27. Rf7+ Kc6 28. Rxh7 Nc4 29.
b3 Nd6 30. h4 Re3 31. Na4 Rxg3+ 32. Kh2 Nf5 33. h5 b5 34. Nb2 Re3 35. Nd1 Re2+ 36. Kh3 b4 37. h6 Rd2 38. Ne3 Nxe3 39.
Re7 Kd6 40. h7 Rd1 41. Re8 Rh1+ 42. Kg3 Rxh7 43. Kf3 Nd5 44. Ra8 Ke5 45. Rxa7 Rh3+ 46.
Kg4 Rc3 47. Ra5 c5 48. Kh4 Nf6 49. Kg5 Rg3+ 50. Kh4 Rg4+ 51. Kh3 Kd4 0-1

[Event "*** Titled Tuesday Blitz"]
[Site "Chess.com"]
[Date "2021.02.09"]
[Round "8"]
[White "DanilNajdin"]
[Black "FMKonstantin_Twitch"]
[Result "1-0"]
[WhiteElo "2485"]
[BlackElo "2604"]
[TimeControl "180+1"]
[EndTime "11:28:58 PST"]
[Termination "DanilNajdin won by resignation"]

1. e4 e5 2. Nf3 Nc6 3. Nc3 Nf6 4. Bb5 Bb4 5. O-O O-O 6. d3 d6 7. Bg5 h6 8. Bxf6 gxf6 9. Nd5 Bc5 10. Nh4 f5 11. Qh5 Qg5 12. Qxg5+ hxg5 13. Nxf5 Bxf5 14. exf5 Nd4 15. Ba4 b5 16. Bb3 c6 17. Ne3 Kg7 18.
c3 Ne2+ 19. Kh1 Rh8 20. Rae1 Nf4 21. Bc2 d5 22. g3 Nh3 23. Ng4 f6 24. Kg2 d4 25.
Bb3 Rh7 26. Rc1 Rc8 27. Be6 Rc7 28. Rc2 Bb6 29. Rfc1 c5 30. cxd4 exd4 31. b4 c4 32. dxc4 bxc4 33. Rxc4 Rxc4 34. Rxc4 Rh8 35. a4 a5 36.
bxa5 Bxa5 37. Rxd4 Rd8 38. Rxd8 Bxd8 39. Kxh3 1-0

[Event "*** Titled Tuesday Blitz"]
[Site "Chess.com"]
[Date "2021.02.09"]
[Round "8"]
[White "Agibileg"]
[Black "esrosenberg"]
[Result "1-0"]
[WhiteElo "2508"]
[BlackElo "2089"]
[TimeControl "180+1"]
[EndTime "11:28:58 PST"]
[Termination "Agibileg won by checkmate"]

1. d4 Nf6 2. c4 e6 3. Nc3 Bb4 4. Qc2 O-O 5. e4 d5 6. e5 Ne4 7. Bd3 c5 8. Nf3 cxd4 9. Nxd4 Nd7 10. Bf4 Ndc5 11. O-O Bxc3 12. bxc3 Bd7 13. cxd5 exd5 14. Be2 Na4 15. Bd2 Rc8 16. Bd3 Naxc3 17. Bxc3 Rxc3 18. Qe2 Nc5 19. Bc2 Rc4 20. Rad1 Qg5 21. f4 Qh6 22. Bb3 Nxb3 23. axb3 Rc3 24. Rf3 Bg4 25. Nf5 Qb6+ 26. Kh1 Bxf3 27. gxf3 g6 28. Qg2 Qxb3 29. Rg1 Rxf3 30.
Qg5 Rh3 31. Ne7+ Kg7 32. Qf6+ Kh6 33. Nf5+ Kh5 34. Qg5# 1-0

[Event "*** Titled Tuesday Blitz"]
[Site "Chess.com"]
[Date "2021.02.09"]
[Round "8"]
[White "StockholmMissile"]
[Black "SKLGgonkom"]
[Result "1-0"]
[WhiteElo "2508"]
[BlackElo "2356"]
[TimeControl "180+1"]
[EndTime "11:28:58 PST"]
[Termination "StockholmMissile won by resignation"]

1. d4 Nf6 2. Bg5 d5 3. e3 c5 4. Bxf6 gxf6 5. dxc5 Nc6 6. Nf3 e6 7. c4 dxc4 8. Qxd8+ Kxd8 9. Bxc4 Bxc5 10. Ke2 Ke7 11. Nbd2 a6 12. Nb3 Ba7 13. Rhd1 b5 14. Bd3 f5 15.
Rac1 Bb7 16. Nc5 Bxc5 17. Rxc5 Rac8 18. Rdc1 Nb4 19. Rxc8 Rxc8 20. Rxc8 Bxc8 21. a3 Nc6 22. e4 fxe4 23. Bxe4 Na5 24. Nd4 Nc4 25. b3 Nxa3 26.
Bxh7 f5 27. f3 Kf6 28. Bg8 Ke5 29. Ke3 Bd7 30. g4 f4+ 31. Kd3 b4 32. Bh7 a5 33.
Be4 Nb5 34. Nxb5 Bxb5+ 35. Kd2 a4 36. bxa4 Bxa4 37. h4 b3 38. Kc3 Bb5 39. Kxb3 Kf6 40. Kc3 e5 41. Kb4 Be2 42. Kc5 Bd1 43. Kd6 Bb3 44.
g5+ Kg7 45. Kxe5 Bf7 46. Kxf4 Bh5 47. Ke5 Kg8 48. f4 Kg7 49. f5 Kg8 50. f6 Kf8 51. g6 Kg8 52. Bd5+ Kf8 53. g7+ Ke8 54. g8=Q+ 1-0

[Event "*** Titled Tuesday Blitz"]
[Site "Chess.com"]
[Date "2021.02.09"]
[Round "8"]
[White "ajedrez1101"]
[Black "Ladislav1969"]
[Result "1-0"]
[WhiteElo "2108"]
[BlackElo "2299"]
[TimeControl "180+1"]
[EndTime "11:28:58 PST"]
[Termination "ajedrez1101 won by resignation"]

1. b3 Nf6 2. Bb2 g6 3. Bxf6 exf6 4. c4 f5 5. Nc3 Bg7 6. Rc1 O-O 7. g3 Nc6 8. Bg2 b6 9. e3 Bb7 10. d4 Na5 11.
Bxb7 Nxb7 12. Qf3 Nd6 13. Nge2 Re8 14. O-O Ne4 15. Rfd1 c6 16. Nf4 h5 17. h4 Rc8 18.
Kg2 d6 19. Nxe4 fxe4 20. Qe2 Qd7 21. b4 Kh7 22. a4 Bf8 23. b5 cxb5 24. axb5 Bg7 25.
Nd5 Qb7 26. Ra1 Ra8 27. Ra6 Red8 28. Rda1 Rd7 29. Qc2 Qc8 30. Nxb6 axb6 31. Rxa8 Qb7 32. R1a7 Qxa7 33. Rxa7 Rxa7 34. Qxe4 Ra2 35. Qc6 Rc2 36. Qxb6 Bh6 37. Kf3 Bf8 38. Qc6 Kg8 39. b6 Rb2 40. b7 Rb4 41. Qc8 1-0

[Event "*** Titled Tuesday Blitz"]
[Site "Chess.com"]
[Date "2021.02.09"]
[Round "8"]
[White "Atco84"]
[Black "Walter_White_Poland"]
[Result "1-0"]
[WhiteElo "2477"]
[BlackElo "2284"]
[TimeControl "180+1"]
[EndTime "11:29:00 PST"]
[Termination "Atco84 won by resignation"]

1. b3 e5 2. Bb2 Nc6 3. Nf3 e4 4. Nd4 Nxd4 5. Bxd4 c5 6. Bb2 d5 7. e3 Nf6 8. Bb5+ Bd7 9. Qe2 Be7 10. O-O O-O 11.
Bxd7 Qxd7 12. d3 Qe6 13. Nd2 Rfe8 14. h3 Rad8 15. Rfd1 exd3 16. cxd3 b6 17. d4 cxd4 18. Bxd4 Ne4 19. Rac1 Nxd2 20. Rxd2 Rc8 21. Rcd1 Bb4 22. Rd3 Red8 23. Bb2 f6 24. a3 Be7 25. b4 a6 26. Qd2 b5 27. Rxd5 Rxd5 28. Qxd5 Qxd5 29. Rxd5 Rc2 30. Bd4 Ra2 31. Rd7 Kf8 32. Bc5 Bxc5 33. bxc5 Rxa3 34. c6 Rc3 35. c7 a5 36. Rd8+ Ke7 37. c8=Q Rxc8 38. Rxc8 Kd6 39. Kf1 a4 40. Ke2 a3 41. Kd3 b4 42. Kc4 1-0

[Event "*** Titled Tuesday Blitz"]
[Site "Chess.com"]
[Date "2021.02.09"]
[Round "8"]
[White "KeithArkell"]
[Black "juancruzarias"]
[Result "1/2-1/2"]
[WhiteElo "2508"]
[BlackElo "2629"]
[TimeControl "180+1"]
[EndTime "11:29:01 PST"]
[Termination "Game drawn by agreement"]

1. d4 e6 2. Nf3 f5 3. Bg5 Be7 4. Bxe7 Qxe7 5. Nbd2 Nf6 6. e3 O-O 7. Bd3 b6 8. c3 Bb7 9. Qc2 d5 10.
O-O Nbd7 11. c4 c5 12. cxd5 Nxd5 13. a3 cxd4 14. Nxd4 Rac8 15. Qd1 Ne5 16. Be2 f4 17. e4 Nf6 18. N4f3 Nxf3+ 19. Bxf3 Rfd8 20. Qe2 e5 21.
Rac1 Nd7 22. Bg4 Rxc1 23. Rxc1 Nf6 24. Bf3 h6 25. h3 Kh7 26. Rc2 Qd6 27. Qb5 Qe7 28.
Qb4 Qf7 29. Nc4 Qe6 30. Rd2 Rxd2 31. Nxd2 Nd7 32. Nc4 Nc5 33. Qc3 Bxe4 34. Nxe5 Bxf3 35. Nxf3 Qe4 1/2-1/2

[Event "*** Titled Tuesday Blitz"]
[Site "Chess.com"]
[Date "2021.02.09"]
[Round "8"]
[White "Artem_Koval"]
[Black "MuhittinBuker"]
[Result "1-0"]
[WhiteElo "2243"]
[BlackElo "2053"]
[TimeControl "180+1"]
[EndTime "11:29:01 PST"]
[Termination "Artem_Koval won by resignation"]

1. d4 Nf6 2. Bf4 e6 3. e3 d5 4.
Nd2 Bd6 5. Bxd6 cxd6 6. Ngf3 O-O 7. Bd3 b6 8. O-O Ba6 9. Bxa6 Nxa6 10. Qe2 Nc7 11.
c3 Ne4 12. c4 Nxd2 13. Nxd2 dxc4 14. Qxc4 d5 15. Qd3 Nb5 16. Qxb5 Rc8 17. Rac1 Qd6 18. Nf3 h6 19. Ne5 Rfd8 20. Rc6 Rxc6 21. Qxc6 Qb4 22. Qc7 Rf8 23. Qc3 Qb5 24. Rc1 a5 25. h3 a4 26. b3 f6 27. Qc6 Qxc6 28. Nxc6 Kf7 29. b4 b5 30. Na7 Rb8 31. Rc7+ Kg6 32. Rc5 Kf5 33. Nxb5 Ke4 34. a3 Kd3 35. Nd6 g5 36.
b5 f5 37. Rc6 f4 38. b6 fxe3 39. fxe3 Kxe3 40. b7 Kxd4 41. Rc8 Rxb7 42. Nxb7 e5 43. Ra8 Kd3 44. Rxa4 d4 45. Nc5+ Ke2 46. Rb4 d3 47. Nxd3 Kxd3 48. a4 e4 49. a5 e3 50.
Rb3+ Kd2 51. Rxe3 Kxe3 52. a6 1-0

[Event "*** Titled Tuesday Blitz"]
[Site "Chess.com"]
[Date "2021.02.09"]
[Round "8"]
[White "bangchess21"]
[Black "TimofeevAr"]
[Result "0-1"]
[WhiteElo "2737"]
[BlackElo "2878"]
[TimeControl "180+1"]
[EndTime "11:29:03 PST"]
[Termination "TimofeevAr won by resignation"]

1. Nf3 Nf6 2. d4 g6 3. g3 Bg7 4. Bg2 O-O 5. O-O d5 6. c4 dxc4 7. Na3 c6 8. Nxc4 Be6 9. Nce5 Bd5 10. Re1 a5 11. Qc2 Ne4 12. Nd3 Nd6 13. Bf4 Nd7 14.
Bxd6 exd6 15. e4 Be6 16. h3 Nb6 17. Rad1 a4 18. Qb1 Bc4 19. Nf4 Re8 20. h4 Bh6 21.
Nh3 Be6 22. Kh2 Bg4 23. Qd3 d5 24. exd5 Rxe1 25. Rxe1 Nxd5 26. Nhg5 Bf5 27. Qc4 Qd6 28.
Ne4 Bxe4 29. Rxe4 Bg7 30. Ne5 Bf6 31. a3 Ra5 32. Qe2 Ra8 33. h5 Bxe5 34. Rxe5 Nf6 35. hxg6 hxg6 36. d5 Qxe5 0-1

[Event "*** Titled Tuesday Blitz"]
[Site "Chess.com"]
[Date "2021.02.09"]
[Round "8"]
[White "ketster"]
[Black "maximnovik"]
[Result "1-0"]
[WhiteElo "2461"]
[BlackElo "2571"]
[TimeControl "180+1"]
[EndTime "11:29:03 PST"]
[Termination "ketster won on time"]

1. d4 Nf6 2. c4 g6 3. Nc3 d5 4. Nf3 Bg7 5. h4 c6 6. cxd5 cxd5 7. Bf4 Nc6 8. e3 O-O 9. Qb3 Na5 10. Qa3 a6 11.
Ne5 b5 12. Be2 Bb7 13. h5 Nc4 14. Qb3 Rc8 15. h6 Bh8 16. a4 Qa5 17. Rc1 Ne4 18. axb5 axb5 19. Nxc4 dxc4 20. Qxb5 Qa8 21.
f3 Nxc3 22. bxc3 Qa3 23. O-O Ba6 24. Qb6 Rb8 25. Bxb8 Bc8 26. Bf4 Be6 27. Qc5 Qa6 28. Qxe7 Qc8 29. e4 Re8 30. Qg5 f6 31. Qg3 f5 32. Be5 Bxe5 33. Qxe5 1-0

[Event "*** Titled Tuesday Blitz"]
[Site "Chess.com"]
[Date "2021.02.09"]
[Round "8"]
[White "Nils_03"]
[Black "HajiyevKanan"]
[Result "0-1"]
[WhiteElo "2345"]
[BlackElo "2490"]
[TimeControl "180+1"]
[EndTime "11:29:04 PST"]
[Termination "HajiyevKanan won on time"]

1. e4 c6 2. Nf3 d5 3. Nc3 a6 4. d4 Bg4 5. h3 Bh5 6. Be2 e6 7. O-O Nf6 8. e5 Nfd7 9. Ne1 Bg6 10. f4 c5 11. dxc5 Bxc5+ 12. Kh1 Nc6 13. Nd3 Ba7 14.
Bg4 h5 15. Bf3 Qh4 16. Bd2 Bxd3 17. cxd3 g6 18. Ne2 O-O 19. Be1 Qe7 20. g4 hxg4 21.
hxg4 Kg7 22. Kg2 Rh8 23. Bg3 Nd4 24. Nxd4 Bxd4 25. Qe2 Rac8 26. Rh1 Qb4 27. f5 Rxh1 28. Rxh1 Qxb2 29. Qxb2 Bxb2 30. Rb1 Rc2+ 31. Kh3 b5 32. Re1 Bc3 33. Re2 Rxe2 34. Bxe2 Bxe5 35. Be1 gxf5 36. gxf5 exf5 37. Kg2 Kf6 38. Bf3 Ke6 39. Kf1 f4 40.
Ke2 Bd4 41. Bg4+ f5 42. Bh5 Be3 43. Bc3 d4 44. Bb4 Ne5 45. Be8 f3+ 46. Kf1 Nxd3 47. Bh5 f2 48. Bf8 Nf4 49. Bd1 d3 50. Bb3+ Kd7 51. Bb4 Ne2 0-1

[Event "*** Titled Tuesday Blitz"]
[Site "Chess.com"]
[Date "2021.02.09"]
[Round "8"]
[White "markowskitomasz"]
[Black "NoGalloNoParty"]
[Result "1-0"]
[WhiteElo "2592"]
[BlackElo "2352"]
[TimeControl "180+1"]
[EndTime "11:29:04 PST"]
[Termination "markowskitomasz won on time"]

1. c4 g6 2. d4 Nf6 3. Nc3 d5 4.
cxd5 Nxd5 5. g3 Bg7 6. Bg2 c6 7. Nf3 O-O 8. O-O Nd7 9. e4 Nxc3 10. bxc3 Nf6 11. Qd3 c5 12. Rd1 cxd4 13. cxd4 b6 14. d5 Nxe4 15. Nd4 Nc5 16. Qe3 Bb7 17. Bb2 Na4 18. Ba3 Re8 19. Nc6 Qd7 20. Rac1 Bf6 21. Qb3 Nc5 22. Bxc5 bxc5 23. Rxc5 Rac8 24. h4 Qd6 25.
Rcc1 Ba8 26. Nxa7 Rxc1 27. Rxc1 Rb8 28. Qxb8+ Qxb8 29. Rc8+ Qxc8 30. Nxc8 Kf8 31. a4 Bd4 32. d6 Bxg2 33. d7 1-0

[Event "*** Titled Tuesday Blitz"]
[Site "Chess.com"]
[Date "2021.02.09"]
[Round "8"]
[White "Supernotar"]
[Black "mishanick"]
[Result "1-0"]
[WhiteElo "2816"]
[BlackElo "2920"]
[TimeControl "180+1"]
[EndTime "11:29:05 PST"]
[Termination "Supernotar won by checkmate"]

1. d4 Nf6 2. c4 e6 3. Nf3 d5 4. e3 Be7 5. Nbd2 O-O 6. Bd3 c5 7. b3 cxd4 8. exd4 b6 9. O-O Bb7 10. Bb2 Nc6 11. Rc1 Rc8 12. Qe2 Re8 13. Rfd1 Bf8 14.
h3 g6 15. Bb1 Bg7 16. a3 Nh5 17. Qe3 dxc4 18. bxc4 Na5 19. Ne5 Qh4 20. Ba2 Nf4 21.
Ndf3 Nxh3+ 22. gxh3 Qxh3 23. d5 exd5 24. cxd5 Rxc1 25.
Rxc1 Bh6 26. Qd4 Bxc1 27. Bxc1 f6 28. d6+ Kg7 29. d7 Rd8 30. Qd6 Rxd7 31. Nxd7 Qg4+ 32. Kf1 Qh3+ 33. Ke1 Qh1+ 34. Kd2 Qxf3 35. Qf8# 1-0

[Event "*** Titled Tuesday Blitz"]
[Site "Chess.com"]
[Date "2021.02.09"]
[Round "8"]
[White "stasiek18"]
[Black "WilliamSchill"]
[Result "1-0"]
[WhiteElo "2364"]
[BlackElo "1984"]
[TimeControl "180+1"]
[EndTime "11:29:05 PST"]
[Termination "stasiek18 won by resignation"]

1. e4 c5 2. Nf3 Nc6 3. d4 cxd4 4. Nxd4 e5 5. Nb5 d6 6. c4 g6 7. N1c3 a6 8. Na3 Bg7 9. Be2 Nf6 10. Nc2 O-O 11. h4 Be6 12. h5 Rc8 13. h6 Bh8 14.
Bg5 Qa5 15. O-O Nd4 16. Ne3 Nxe2+ 17. Qxe2 b5 18. Bxf6 Bxf6 19. Ncd5 Bg5 20. b3 Bxh6 21. Ne7+ Kh8 22. Nxc8 Rxc8 23. cxb5 axb5 24. Rac1 Rxc1 25.
Rxc1 Bxe3 26. Qxe3 Kg7 27. Rc2 b4 28. Qd2 Qb6 29. Rc1 f5 30. Rd1 fxe4 31. Qxd6 Qxd6 32. Rxd6 Kf6 33. Rb6 1-0